 Dungeon Crawl Stone Soup version 0.19.1-1-g22dce08 (webtiles) character file.

116 Jynx the Chiller (level 5, -1/35 HPs)
             Began as a Merfolk Ice Elementalist on Jan 14, 2017.
             Slain by a gnoll
             ... wielding a +0 halberd of freezing
              (2 damage)
             ... on level 2 of the Dungeon.
             The game lasted 00:05:12 (2719 turns).

Jynx the Chiller (Merfolk Ice Elementalist)         Turns: 2719, Time: 00:05:13

Health: -1/35      AC:  3    Str:  8    XL:     5   Next: 1%
Magic:  0/9        EV: 13    Int: 16    God:
Gold:   71         SH:  0    Dex: 14    Spells: 3 memorised, 4 levels left

rFire  . . .     SeeInvis .     i - +1 dagger
rCold  . . .     Gourm    .     a - +0 robe
rNeg   . . .     Faith    .     (no shield)
rPois  .         Spirit   .     (no helmet)
rElec  .         Reflect  .     (no cloak)
rCorr  .         Harm     .     d - +0 pair of gloves
MR     .....                    (no boots)
Stlth  ++........               (no amulet)
                                (no ring)
                                (no ring)

@: no status effects
A: change form in water, swift swim, stealthy swim
a: no special abilities


You were on level 2 of the Dungeon.
You were near starving.

You visited 1 branch of the dungeon, and saw 2 of its levels.

You collected 71 gold pieces.

Inventory:

Hand Weapons
 i - a +1 dagger (weapon)
Armour
 a - a +0 robe (worn)
 d - a +0 pair of gloves (worn)
Jewellery
 e - an uncursed ring of protection from cold {unknown}
Potions
 f - a potion of lignification {unknown}
 h - a potion of invisibility {unknown}
Books
 b - a book of Frost

   Spells                             Type                      Level
   a - Freeze                         Ice                          1
   b - Throw Frost                    Conjuration/Ice              2
   c - Ozocubu's Armour               Charms/Ice                   3
   d - Throw Icicle                   Conjuration/Ice              4
   e - Summon Ice Beast               Ice/Summoning                4
Comestibles
 c - 3 bread rations
 g - a slice of pizza


   Skills:
 - Level 2.6 Dodging
 - Level 2.1 Stealth
 + Level 3.2 Spellcasting
 + Level 1.2 Conjurations
 + Level 1.0 Charms
 * Level 4.6 Ice Magic


You had 4 spell levels left.
You knew the following spells:

 Your Spells              Type           Power        Failure   Level  Hunger
a - Freeze                Ice            ###.         3%          1    None
b - Throw Frost           Conj/Ice       ##....       10%         2    ##.....
c - Ozocubu's Armour      Chrm/Ice       ##......     17%         3    ###....


Dungeon Overview and Level Annotations

Branches:
Dungeon (2/15)

Altars:


Message History

Confirm with . or Enter, or press ? or * to list all spells.
Aiming: Throw Frost
Press: ? - help, Shift-Dir - straight line, f/p - gnoll
Aim: a gnoll, wielding a halberd of freezing (severely wounded)
The puff of frost misses the gnoll.
The gnoll closely misses you.
You start resting.
Casting: Throw Frost
Confirm with . or Enter, or press ? or * to list all spells.
Aiming: Freeze
Press: ? - help, Shift-Dir - straight line, f/p - gnoll
Aim: a gnoll, wielding a halberd of freezing (severely wounded)
You freeze the gnoll.
The gnoll is almost dead.
The gnoll hits you with a halberd of freezing!
The gnoll freezes you!
* * * LOW HITPOINT WARNING * * *
The gnoll hits you from afar with a halberd of freezing!
* * * LOW HITPOINT WARNING * * *
The gnoll freezes you.
You die...

#.###># #.##.......# #. ...# #.#
#......##..# #. ...#
#†#########..###.##.)# #.
...###....w.......# #.....######.
.......#######.##.###.##.........
.............#.##.....##########.
.#.##..#####.)gg.####.##########.
........# ###.#.# #............
##.#....#### #g#@# #..##########
#.........# #g#.# #..#
.......##.# #.#.####[.##########
####<...##.# #g#................[
###....##.###.######..##########
..........g..)# #..#
.###....##.##########..#
.........g...####......#
.###<#.%####..........##


You could see a gnoll.

Vanquished Creatures
  A gnoll (D:2)
  4 adders (D:2)
  2 oozes (D:1)
  4 worms (D:2)
  A dart slug (D:2)
  3 hobgoblins (D:2)
  13 jackals
  A quokka (D:2)
  4 bats
  3 frilled lizards
  5 goblins
  3 kobolds
  7 rats
51 creatures vanquished.

Vanquished Creatures (others)
  A frilled lizard (D:2)
1 creature vanquished.

Grand Total: 52 creatures vanquished

Notes
Turn   | Place    | Note
-------+----------+-------------------------------------------
     0 | D:1      | Jynx the Merfolk Ice Elementalist began the quest for the Orb.
     0 | D:1      | Reached XP level 1. HP: 13/13 MP: 3/3
   474 | D:1      | Reached XP level 2. HP: 19/19 MP: 0/5
   671 | D:1      | Learned a level 2 spell: Throw Frost
   968 | D:1      | Reached XP level 3. HP: 23/24 MP: 4/6
  1007 | D:1      | Reached skill level 4 in Ice Magic
  1690 | D:2      | Reached XP level 4. HP: 13/30 MP: 0/8
  1862 | D:2      | Learned a level 3 spell: Ozocubu's Armour
  2001 | D:2      | Reached skill level 1 in Conjurations
  2701 | D:2      | Reached skill level 1 in Charms
  2701 | D:2      | Reached XP level 5. HP: 35/35 MP: 5/9
  2719 | D:2      | HP: 1/35 [gnoll/halberd of freezing (7)]
  2719 | D:2      | Slain by a gnoll

Skill      XL: |  1  2  3  4 |
---------------+-------------+-----
Ice Magic      | 4 |  4.6
Spellcasting   | 3 |  3.2
Conjurations   | 1 |  1.2
Charms         | 1 |  1.0
Dodging        | |  2.6
Stealth        | |  2.1

Action                   |  1- 3 |  4- 6 || total
-------------------------+-------+-------++-------
Melee: Unarmed           |    43 |       ||    43
       Dagger            |     6 |    12 ||    18
 Cast: Freeze            |    60 |    48 ||   108
       Throw Frost       |       |     5 ||     5
       Ozocubu's Armour  |       |     1 ||     1
  Use: Scroll            |     1 |     1 ||     2
  Eat: Chunk             |     3 |     2 ||     5
Armor: Robe              |    18 |    10 ||    28
Dodge: Dodged            |    82 |    29 ||   111
